 Dungeon Crawl Stone Soup version 0.27.0-65-ge2af304b15 (webtiles) character file.

Game seed: 9327707337989201791

14357 shadizar the Fighter (level 12, -5/102 HPs)
             Began as a Gnoll Wanderer on Aug 17, 2021.
             Was a Believer of Okawaru.
             Succumbed to a black mamba's poison
             ... on level 2 of the Lair of Beasts on Aug 18, 2021.
             The game lasted 00:44:12 (17801 turns).

shadizar the Fighter (Gnoll Wanderer)              Turns: 17801, Time: 00:44:13

Health: -5/102     AC: 22    Str: 20    XL:     12   Next: 15%
Magic:  20/22      EV: 12    Int: 19    God:    Okawaru [**....]
Gold:   941        SH: 18    Dex: 14    Spells: 24/25 levels left

rFire    . . .     SeeInvis .   b - +9 staff of Wucad Mu {*channel}
rCold    . . .     Faith    .   D - +0 kite shield
rNeg     + + .     Spirit   .   S - +1 chain mail {rN+}
rPois    .         Reflect  +   t - +0 helmet
rElec    .         Harm     .   I - +1 cloak "Qagikett" {Str+4 Int+3 Slay+2}
rCorr    .         Rampage  .   l - +1 pair of gloves
Will     .....                  J - +1 pair of boots
Stlth    ++........             A - amulet of reflection
HPRegen  0.27/turn              H - ring of positive energy
MPRegen  0.18/turn              z - ring of the Commoners {Fly Str+3 Int+3}

@: lethally poisoned (-5 -> -52), heroic, flying
A: fangs 1, strong nose, distributed training
a: Renounce Religion, Heroism


You were on level 2 of the Lair of Beasts.
You worshipped Okawaru.
Okawaru was pleased with you.
You visited 4 branches of the dungeon, and saw 16 of its levels.

You collected 941 gold pieces.

Inventory:

Hand Weapons
 b - the +9 staff of Wucad Mu (weapon) {*channel}
   (You acquired it on level 3 of the Dungeon)

   It occasionally powers its wielder's spells, but with a chance of causing
   confusion or draining the wielder's intelligence.
   It becomes more likely to activate and less likely to backfire with increased
   Evocations skill.
 j - a +2 whip of flaming
 m - a +0 hunting sling
 s - the +2 short sword "Komumi" {drain, rC+ rN+ MP+9 Int-2}
   (You found it on level 5 of the Dungeon)

   A truly terrible weapon, it drains the life of any living foe it strikes.
   Int:       It affects your intelligence (-2).
   rC:        It protects you from cold.
   rN:        It protects you from negative energy.
   MP:        It affects your magic capacity (+9).
 x - a +2 flail of protection
 E - a +1 vorpal morningstar
 Q - the +5 war axe "Dragonslayer" {venom, *Slow rC+ rN+}
   (You found it on level 5 of the Dungeon)

   It poisons the flesh of those it strikes.
   rC:        It protects you from cold.
   rN:        It protects you from negative energy.
   *Slow:     It may slow you when you take damage.
Missiles
 n - 461 stones
 p - a throwing net
Armour
 e - +0 steam dragon scales
 g - a scarf of harm
 l - a +1 pair of gloves (worn)
 t - a +0 helmet (worn)
 D - a +0 kite shield (worn)
 I - the +1 cloak "Qagikett" (worn) {Str+4 Int+3 Slay+2}
   (You found it on level 5 of the Dungeon)

   Str:       It affects your strength (+4).
   Int:       It affects your intelligence (+3).
   Slay:      It affects your accuracy & damage with ranged weapons and melee
   (+2).
 J - a +1 pair of boots (worn)
 O - a +0 plate armour
 S - a +1 chain mail of positive energy (worn)
Magical Staves
 i - a staff of cold
Jewellery
 h - a +6 ring of strength
 y - a ring of ice
 z - the ring of the Commoners (right hand) {Fly Str+3 Int+3}
   (You acquired it on level 6 of the Dungeon)

   [ring of flight]

   Str:       It affects your strength (+3).
   Int:       It affects your intelligence (+3).
   Fly:       It grants you flight.
 A - an amulet of reflection (around neck)
 B - a ring of resist corrosion
 H - a ring of positive energy (left hand)
 P - a +4 ring of slaying
Wands
 a - a wand of acid (12)
 w - a wand of charming (4)
 N - a wand of digging (5)
 T - a wand of polymorph (7)
Scrolls
 f - 10 scrolls of teleportation
 k - a scroll of silence
 q - 3 scrolls of identify
 u - 3 scrolls of magic mapping
 v - a scroll of holy word
 G - a scroll of fog
Potions
 d - a potion of flight
 o - a potion of haste
 C - 10 potions of curing
 F - 3 potions of resistance
 M - 2 potions of invisibility
 R - a potion of magic
 X - a potion of degeneration {unknown}
 Z - a potion of ambrosia
Miscellaneous
 c - a box of beasts (quivered)
 V - a lightning rod (4/4)


   Skills:
 + Level 12.2(17.2) Fighting
 + Level 7.0(12.0) Short Blades
 + Level 7.0(12.0) Long Blades
 + Level 7.0(12.0) Axes
 + Level 7.0(12.0) Maces & Flails
 + Level 7.0(12.0) Polearms
 + Level 7.5(12.5) Staves
 + Level 7.0(12.0) Slings
 + Level 7.0(12.0) Bows
 + Level 7.0(12.0) Crossbows
 + Level 7.0(12.0) Throwing
 + Level 7.5(12.5) Armour
 + Level 7.5(12.5) Dodging
 + Level 7.4(12.4) Stealth
 + Level 7.0(12.0) Shields
 + Level 7.0(12.0) Unarmed Combat
 + Level 7.0 Spellcasting
 + Level 5.8 Conjurations
 + Level 5.8 Hexes
 + Level 5.8 Summonings
 + Level 5.8 Necromancy
 + Level 5.8 Translocations
 + Level 5.8 Transmutations
 + Level 5.8 Fire Magic
 + Level 5.8 Ice Magic
 + Level 5.8 Air Magic
 + Level 5.8 Earth Magic
 + Level 5.8 Poison Magic
 + Level 7.7 Invocations
 + Level 7.5 Evocations


You had 24 spell levels left.
You knew the following spells:

 Your Spells              Type           Power      Damage    Failure   Level
a - Sandblast             Erth           56%        2d13      9%          1

Your spell library contained the following spells:

 Spells                   Type           Power      Damage    Failure   Level
 Summon Small Mammal      Summ           100%       N/A       9%          1
 Passwall                 Tmut/Erth      23%        N/A       12%         2
 Call Canine Familiar     Summ           28%        N/A       24%         3
 Gell's Gravitas          Tloc           14%        N/A       24%         3
 Lesser Beckoning         Tloc           14%        N/A       24%         3
 Summon Guardian Golem    Hex/Summ       28%        N/A       24%         3
 Teleport Other           Tloc           28%        N/A       24%         3
 Leda's Liquefaction      Hex/Erth       14%        N/A       63%         4
 Bolt of Magma            Conj/Fire/Erth 14%        4d8       92%         5
 Lee's Rapid Deconstruct  Erth           14%        3d10*     92%         5
 Dispersal                Tloc           14%        N/A       100%        6
 Statue Form              Tmut/Erth      18%        N/A       100%        6


Dungeon Overview and Level Annotations

Branches:
Dungeon (12/15)            Temple (1/1) D:5            Lair (2/6) D:10
    Orc (1/2) D:10
  Swamp: Lair:2-4    Shoals: Lair:2-4     Snake: Lair:2-4    Spider: Lair:2-4

Altars:
Ashenzari
Cheibriados
Dithmenos
Elyvilon
Fedhas
Gozag
Hepliaklqana
Kikubaaqudgha
Makhleb
Nemelex Xobeh
Okawaru
Qazlal
Ru
Sif Muna
Trog
Uskayaw
Vehumet
Wu Jian
Xom
Yredelemnul
Zin
The Shining One
Beogh

Shops:
D:4 *   D:5 [   D:6 *

Annotations:
D:7 2 runed translucent doors, hurston's ghost, novice HuWn
Lair:1 exclusion: 3 oklob plants


Innate Abilities, Weirdness & Mutations

You have very sharp teeth.
Your uncanny sense of smell can sniff out nearby items.
Your experience applies equally to all skills.


Message History

The black mamba bites you!
* * * LOW HITPOINT WARNING * * *
You are more poisoned.
The black mamba poisons you! You block the wyvern's attack.
You block the black mamba's attack.
Unknown command.
Unknown command.
Unknown command.
Unknown command.
Unknown command.
Unknown command.
Unknown command.
Unknown command.
Unknown command.
Unknown command.
You feel much better.
* * * LOW HITPOINT WARNING * * *
You feel extremely sick. The black mamba bites you!
* * * LOW HITPOINT WARNING * * *
You are more poisoned.
The black mamba poisons you! You block the wyvern's attack.
The black mamba bites you but does no damage.
The black mamba bites you!
* * * LOW HITPOINT WARNING * * *
You block the wyvern's attack.
Unknown command.
Unknown command.
Unknown command.
Unknown command.
Unknown command.
Unknown command.
Unknown command.
Unknown command.
Unknown command.
Unknown command.
Unknown command.
Unknown command.
You gain the combat prowess of a mighty hero.
You die...

##.........# .##
#..^ ...#..# ..#
#...P...#..# ##..#
#...P+#....#####..##
#
#..........#.#.P..#
# #................#
##
#................#
.#
#..###.#S..#.....##
...
#...<@lS........#
...
#.....S..#......#
...
....#.##P.###.S...##
...
...................#
.#.
###.#...##.##.##...#
## ##P..#
#######..## # #..#
#...## # #.. #....#
# ##†.##


You could see 2 black mambas, a water moccasin and a wyvern.

Vanquished Creatures
  Harold (Lair:1)
  A two-headed ogre (D:11)
  Pikel (D:4)
  A cyclops (D:11)
  A deep elf pyromancer (D:7)
  A centaur zombie (D:10)
  3 cane toads
  A black mamba (Lair:2)
  A kobold demonologist (D:10)
  An unseen horror (D:10)
  3 komodo dragons (Lair:1)
  The ghost of SeagullWaffle the Ducker, an amateur TrFi (D:5)
  2 trolls
  2 hornets
  A shadow (D:11)
  13 yaks
  A steam dragon (D:7)
  5 water moccasins
  8 orc warriors
  A sky beast (D:6)
  A necrophage (D:5)
  2 black bears
  4 ogres
  3 centaurs
  8 kobold brigands
  3 phantoms
  12 bullfrogs
  2 scorpions
  A wyvern skeleton (D:5)
  4 killer bees
  7 wights
  4 howler monkeys
  7 orc priests
  A bullfrog zombie (D:5)
  A gnoll shaman (D:8)
  A hound (D:5)
  4 jellies
  7 iguanas
  11 orc wizards
  A hound zombie (D:5)
  2 howler monkey zombies (D:8)
  Robin (D:2)
  7 gnolls
  4 adders
  2 white imps
  3 adder zombies (D:2)
  3 dart slugs
  2 worms (D:2)
  47 orcs
  An endoplasm (D:1)
  5 giant cockroaches
  16 goblins
  9 hobgoblins
  4 jackals (D:3)
  A quokka (D:5)
  9 ball pythons
  A ball python skeleton (D:2)
  3 bats
  5 frilled lizards
  A giant cockroach zombie (D:2)
  46 kobolds
  A quokka skeleton (D:4)
  4 rats
310 creatures vanquished.

Vanquished Creatures (collateral kills)
  Sigmund (D:5)
1 creature vanquished.

Vanquished Creatures (others)
  3 kobolds
  A bush (Lair:2)
  35 fungi
  37 plants
76 creatures vanquished.

Grand Total: 387 creatures vanquished

Notes
Turn   | Place    | Note
-------+----------+-------------------------------------------
     0 | D:1      | Reached skill level 10 in Fighting
     0 | D:1      | shadizar the Gnoll Wanderer began the quest for the Orb.
     0 | D:1      | shadizar set off with the following items: a +0
                  | quarterstaff, a +0 ring mail, a box of beasts
     0 | D:1      | Reached XP level 1. HP: 28/28 MP: 1/1
   453 | D:1      | Reached XP level 2. HP: 33/36 MP: 2/2
   724 | D:1      | Found a faded altar of an unknown god.
  1044 | D:2      | Reached XP level 3. HP: 35/42 MP: 3/3
  1331 | D:2      | Reached skill level 1 in Invocations
  1347 | D:2      | Found an ornate altar of the Wu Jian Council.
  1624 | D:2      | Noticed Robin
  1634 | D:2      | Reached skill level 1 in Short Blades
  1634 | D:2      | Reached skill level 1 in Long Blades
  1634 | D:2      | Reached skill level 1 in Axes
  1634 | D:2      | Reached skill level 1 in Maces & Flails
  1634 | D:2      | Reached skill level 1 in Polearms
  1634 | D:2      | Reached skill level 1 in Slings
  1634 | D:2      | Reached skill level 1 in Bows
  1634 | D:2      | Reached skill level 1 in Crossbows
  1634 | D:2      | Reached skill level 1 in Throwing
  1634 | D:2      | Reached skill level 1 in Shields
  1634 | D:2      | Reached skill level 1 in Unarmed Combat
  1634 | D:2      | Reached skill level 1 in Spellcasting
  1652 | D:2      | Reached XP level 4. HP: 35/48 MP: 5/5
  1686 | D:2      | Killed Robin
  1945 | D:3      | Reached skill level 1 in Conjurations
  1945 | D:3      | Reached skill level 1 in Hexes
  1945 | D:3      | Reached skill level 1 in Summonings
  1945 | D:3      | Reached skill level 1 in Necromancy
  1945 | D:3      | Reached skill level 1 in Translocations
  1945 | D:3      | Reached skill level 1 in Transmutations
  1945 | D:3      | Reached skill level 1 in Fire Magic
  1945 | D:3      | Reached skill level 1 in Ice Magic
  1945 | D:3      | Reached skill level 1 in Air Magic
  1945 | D:3      | Reached skill level 1 in Earth Magic
  1945 | D:3      | Reached skill level 1 in Poison Magic
  2659 | D:3      | Reached XP level 5. HP: 48/54 MP: 5/7
  3595 | D:4      | Noticed a phantom
  3619 | D:4      | Killed a phantom
  3620 | D:4      | Reached XP level 6. HP: 32/61 MP: 8/8
  4456 | D:4      | Found Azxymol's General Store.
  4669 | D:4      | Learned a level 1 spell: Sandblast
  4705 | D:5      | Entered Level 5 of the Dungeon
  4733 | D:4      | HP: 1/61 [poisoned by a scorpion]
  4734 | D:4      | Reached XP level 7. HP: 2/67 MP: 10/10
  4969 | D:5      | Noticed SeagullWaffle's ghost (amateur TrFi)
  5057 | D:5      | Identified the +1 cloak "Qagikett" {Str+4 Int+3 Slay+2}
  5149 | D:5      | Found Aquf's Antique Armour Emporium.
  5228 | D:5      | Found a transporter.
  5249 | D:5      | Found a transporter.
  5365 | D:5      | Found a staircase to the Ecumenical Temple.
  5449 | D:5      | Reached XP level 8. HP: 53/74 MP: 12/12
  5610 | D:5      | Noticed Sigmund
  5689 | D:5      | Noticed Pikel
  5969 | D:3      | Identified a scroll of acquirement
  5969 | D:3      | Acquired the +9 staff of Wucad Mu {*channel}
  5970 | D:3      | Found the +9 staff of Wucad Mu {*channel}
  6116 | D:4      | Killed Pikel
  6233 | D:5      | Found a sacrificial altar of Ru.
  6271 | D:5      | Identified the +2 short sword "Komumi" {drain, rC+ rN+ MP+9
                  | Int-2}
  6376 | D:5      | Killed Sigmund
  6757 | D:6      | Reached skill level 11 in Fighting
  6967 | D:6      | Reached XP level 9. HP: 77/81 MP: 14/14
  7598 | D:6      | Found Babb's Assorted Antiques.
  7639 | D:6      | Acquired the ring of the Commoners {Fly Str+3 Int+3}
  7707 | D:7      | Reached skill level 5 in Staves
  7707 | D:7      | Reached skill level 5 in Armour
  7707 | D:7      | Reached skill level 5 in Dodging
  7707 | D:7      | Reached skill level 5 in Evocations
  7862 | D:7      | Noticed a deep elf pyromancer
  7876 | D:7      | Killed a deep elf pyromancer
  7877 | D:7      | Reached skill level 5 in Stealth
  7946 | D:7      | Reached skill level 5 in Invocations
  8240 | D:7      | Found a large runed translucent door.
  8242 | D:7      | Found a large runed translucent door.
  8242 | D:7      | Noticed hurston's ghost (novice HuWn)
  8854 | D:8      | Reached XP level 10. HP: 88/88 MP: 17/17
  9265 | D:8      | Reached skill level 5 in Short Blades
  9265 | D:8      | Reached skill level 5 in Long Blades
  9265 | D:8      | Reached skill level 5 in Axes
  9265 | D:8      | Reached skill level 5 in Maces & Flails
  9265 | D:8      | Reached skill level 5 in Polearms
  9265 | D:8      | Reached skill level 5 in Slings
  9265 | D:8      | Reached skill level 5 in Bows
  9265 | D:8      | Reached skill level 5 in Crossbows
  9265 | D:8      | Reached skill level 5 in Throwing
  9265 | D:8      | Reached skill level 5 in Shields
  9265 | D:8      | Reached skill level 5 in Unarmed Combat
  9265 | D:8      | Reached skill level 5 in Spellcasting
 10297 | D:5      | Killed SeagullWaffle's ghost
 10315 | D:5      | Identified the +5 war axe "Dragonslayer" {venom, *Slow rC+
                  | rN+}
 11211 | D:10     | Entered Level 10 of the Dungeon
 11307 | D:10     | Found a staircase to the Orcish Mines.
 11870 | D:10     | Killed an unseen horror
 11965 | D:10     | Reached XP level 11. HP: 64/95 MP: 19/19
 12133 | D:10     | Found a staircase to the Lair.
 12660 | D:11     | Noticed a two-headed ogre
 12677 | D:11     | Killed a two-headed ogre
 12678 | D:11     | Reached skill level 5 in Conjurations
 12678 | D:11     | Reached skill level 5 in Hexes
 12678 | D:11     | Reached skill level 5 in Summonings
 12678 | D:11     | Reached skill level 5 in Necromancy
 12678 | D:11     | Reached skill level 5 in Translocations
 12678 | D:11     | Reached skill level 5 in Transmutations
 12678 | D:11     | Reached skill level 5 in Fire Magic
 12678 | D:11     | Reached skill level 5 in Ice Magic
 12678 | D:11     | Reached skill level 5 in Air Magic
 12678 | D:11     | Reached skill level 5 in Earth Magic
 12678 | D:11     | Reached skill level 5 in Poison Magic
 12906 | D:11     | Noticed a cyclops
 14360 | D:11     | Killed a cyclops
 14477 | D:12     | Noticed a boulder beetle
 14837 | D:11     | Upgraded the game from 0.27.0-1-g7a089689b8 to
                  | 0.27.0-65-ge2af304b15
 14964 | Temple   | Entered the Ecumenical Temple
 15086 | Temple   | Became a worshipper of Warmaster Okawaru
 15409 | Orc:1    | Entered Level 1 of the Orcish Mines
 15423 | D:10     | Reached skill level 12 in Fighting
 15602 | Lair:1   | Entered Level 1 of the Lair of Beasts
 16063 | Lair:1   | Reached * piety under Okawaru
 16132 | Lair:1   | Noticed Harold
 16160 | Lair:1   | Killed Harold
 16338 | Lair:1   | Reached ** piety under Okawaru
 16791 | Lair:1   | Noticed an oklob plant
 16791 | Lair:1   | Noticed an oklob plant
 16791 | Lair:1   | Noticed an oklob plant
 17026 | Lair:1   | Reached XP level 12. HP: 99/102 MP: 22/22
 17801 | Lair:2   | Succumbed to a black mamba's poison

Illustrated notes

Levels and vault maps discovered:
D:1:      amcnicky_arrival_blooded_trapdoor, layout_loops_ring,
          shapermc_ecumenical_altar_mp_vishouse, minmay_unequal
D:2:      layout_rooms, serial_undead, serial_undead_b, serial_undead_c,
          serial_undead_a, serial_undead_d, basic_altar, minmay_diced_spiral,
          uniq_robin
D:3:      layout_loops_corners, kennysheep_generic_room_10
D:4:      layout_loops_ring, serial_shops, shop
D:5:      layout_basic, nicolae_ru_sacrificial_ziggurat,
          minmay_temple_entry_wispy, serial_shops, shop_fountains,
          gammafunk_ghost_arena, uniq_sigmund, uniq_pikel
D:6:      layout_rooms, serial_shops, kennysheep_mini_moat,
          chequers_serial_rivers_micro_b
D:7:      layout_rooms, ebering_ghost_disaster_area
D:8:      layout_layer_cave
D:9:      layout_rooms
D:10:     layout_rooms, due_lair_maze_entry_diamond
D:11:     layout_loops_ring, special_room [special_room_orc]
D:12:     layout_basic
Temple:   compressed_dpeg_triangle_lava_temple
Lair:1:   layout_cellular_growth, lemuel_fruit_tree, minmay_lair_oklob_chamber,
          uniq_harold
Lair:2:   layout_chaotic_city, minmay_snake_entry_six_corridors
Orc:1:    layout_caves, uniq_erolcha, uniq_snorg

Skill      XL: |  1  2  3  4  5  6  7  8  9 10 11 12 |
---------------+-------------------------------------+-----
Fighting       | 11 12 | 12.2
Invocations    | 1 2 3 4 5 6 7 |  7.7
Short Blades   | 1 2 3 4 5 6 7 |  7.0
Long Blades    | 1 2 3 4 5 6 7 |  7.0
Axes           | 1 2 3 4 5 6 7 |  7.0
Maces & Flails | 1 2 3 4 5 6 7 |  7.0
Polearms       | 1 2 3 4 5 6 7 |  7.0
Slings         | 1 2 3 4 5 6 7 |  7.0
Bows           | 1 2 3 4 5 6 7 |  7.0
Crossbows      | 1 2 3 4 5 6 7 |  7.0
Throwing       | 1 2 3 4 5 6 7 |  7.0
Shields        | 1 2 3 4 5 6 7 |  7.0
Unarmed Combat | 1 2 3 4 5 6 7 |  7.0
Spellcasting   | 1 2 3 4 5 6 7 |  7.0
Conjurations   | 1 2 3 4 5 |  5.8
Hexes          | 1 2 3 4 5 |  5.8
Summonings     | 1 2 3 4 5 |  5.8
Necromancy     | 1 2 3 4 5 |  5.8
Translocations | 1 2 3 4 5 |  5.8
Transmutations | 1 2 3 4 5 |  5.8
Fire Magic     | 1 2 3 4 5 |  5.8
Ice Magic      | 1 2 3 4 5 |  5.8
Air Magic      | 1 2 3 4 5 |  5.8
Earth Magic    | 1 2 3 4 5 |  5.8
Poison Magic   | 1 2 3 4 5 |  5.8
Staves         | 3 4 5 6 7 |  7.5
Armour         | 3 4 5 6 7 |  7.5
Dodging        | 3 4 5 6 7 |  7.5
Evocations     | 3 4 5 6 7 |  7.5
Stealth        | 3 4 5 6 7 |  7.4

Action                   |  1- 3 |  4- 6 |  7- 9 | 10-12 || total
-------------------------+-------+-------+-------+-------++-------
Melee: Quarterstaff      |   118 |   212 |    50 |       ||   380
       Bite              |     7 |    15 |    34 |   117 ||   173
       Mace              |       |       |    28 |       ||    28
       Staff             |       |       |   190 |   715 ||   905
Invok: Heroism           |       |       |       |     2 ||     2
Evoke: Box of beasts     |       |       |     1 |       ||     1
  Use: Potion            |       |       |     1 |     4 ||     5
       Scroll            |       |       |    13 |    11 ||    24
 Stab: Sleeping          |       |     1 |       |       ||     1
Armor: Ring mail         |    43 |    74 |    11 |       ||   128
       Chain mail        |       |       |    92 |   365 ||   457
Dodge: Dodged            |    54 |   133 |    76 |   173 ||   436
Block: Other             |       |    12 |    17 |       ||    29
       Buckler           |       |       |   107 |   254 ||   361
       Reflection        |       |       |     7 |    18 ||    25
       Kite shield       |       |       |       |   175 ||   175
